 Dungeon Crawl Stone Soup version 0.25.1-8-g42b30a86e7 (webtiles) character file.

Game seed: 8923846136300050702

32 Azimut41r the Charlatan (level 3, -4/20 HPs)
             Began as a Kobold Artificer on Dec 18, 2020.
             Slain by a gnoll
             ... wielding a +0 whip
              (6 damage)
             ... on level 2 of the Dungeon.
             The game lasted 00:03:43 (1430 turns).

Azimut41r the Charlatan (Kobold Artificer)          Turns: 1430, Time: 00:03:44

Health: -4/20      AC:  3    Str:  9    XL:     3   Next: 45%
Magic:  6/6        EV: 15    Int: 13    God:
Gold:   45         SH:  0    Dex: 15    Spells: 2/2 levels left

rFire    . . .     SeeInvis .   a - +0 short sword
rCold    . . .     Gourm    .   (shield restricted)
rNeg     . . .     Faith    .   b - +0 leather armour
rPois    .         Spirit   .   (no helmet)
rElec    .         Reflect  .   (no cloak)
rCorr    .         Harm     .   (no gloves)
MR       .....                  (no boots)
Stlth    ++........             (no amulet)
HPRegen  0.06/turn              (no ring)
MPRegen  0.10/turn              (no ring)

@: no status effects
A: small, carnivore
a: no special abilities


You were on level 2 of the Dungeon.
You were not hungry.

You visited 1 branch of the dungeon, and saw 2 of its levels.

You collected 45 gold pieces.

Inventory:

Hand Weapons
 a - a +0 short sword (weapon)
 i - a +2 mace of protection
 k - a +1 mace of venom
Missiles
 l - 31 arrows
 m - 9 poisoned darts (quivered)
Armour
 b - a +0 leather armour (worn)
Wands
 c - a wand of flame (15)
 d - a wand of enslavement (15)
 e - a wand of random effects (15)
Scrolls
 j - a scroll of remove curse {unknown}
 n - 2 scrolls of teleportation {unknown}
 o - a scroll of noise {unknown}
 p - a scroll of identify {unknown}
Potions
 g - a potion of curing {unknown}
 h - 2 potions of magic {unknown}
Comestibles
 f - 3 rations


   Skills:
 + Level 1.2 Fighting
 + Level 2.4 Short Blades
 + Level 0.7 Armour
 + Level 2.7 Dodging
 + Level 1.8 Stealth
 + Level 4.1 Evocations


You had 2 spell levels left.
You didn't know any spells.
Your spell library was empty.

Dungeon Overview and Level Annotations

Branches:
Dungeon (2/15)

Altars:


Innate Abilities, Weirdness & Mutations

You are small and have problems with some larger weapons.
You are carnivorous and can eat meat at any time.


Message History

You are too injured to fight recklessly!
You are too injured to fight recklessly!
The leopard gecko bites you. The gnoll closely misses you.
The leopard gecko bites you but does no damage.
A gnoll comes into view. It is wielding a +0 spear.
The gnoll barely misses you. The leopard gecko barely misses you.
The leopard gecko bites you.
* * * LOW HITPOINT WARNING * * *
The gnoll hits you with a cursed +0 club.
* * * LOW HITPOINT WARNING * * *
The goblin barely misses you. The leopard gecko barely misses you.
The leopard gecko completely misses you.
The goblin hits you with a +0 falchion.
* * * LOW HITPOINT WARNING * * *
The leopard gecko bites you but does no damage.
The gnoll barely misses you. x2; The goblin barely misses you.
A gnoll comes into view. It is wielding a +0 whip.
The leopard gecko misses you. The gnoll closely misses you.
The gnoll hits you with a +0 whip.
You die...

.. #### #.. #.. ..
..). #.# .. #....
#.# #. ##...
.>##### #.## ...#
g ......##
..####l.#...#
#####..###
#.##.@gg..#
##...###.#..gg####
###........$.#
###..<....##
#.............
....#....#.###..
#####.##.#.# .#
#.##...# #
#.##..##


You could see 4 gnolls, a leopard gecko and a goblin.

Vanquished Creatures
  An ooze (D:1)
  2 dart slugs
  A leopard gecko (D:2)
  2 ball pythons (D:1)
  2 giant cockroaches
  3 hobgoblins
  6 bats (D:1)
  3 kobolds (D:1)
  3 rats (D:1)
23 creatures vanquished.

Notes
Turn   | Place    | Note
-------+----------+-------------------------------------------
     0 | D:1      | Azimut41r the Kobold Artificer began the quest for the Orb.
     0 | D:1      | Reached XP level 1. HP: 12/12 MP: 3/3
   391 | D:1      | Reached XP level 2. HP: 16/16 MP: 4/4
   527 | D:1      | Reached skill level 4 in Evocations
   877 | D:1      | Reached XP level 3. HP: 17/20 MP: 6/6
  1430 | D:2      | Slain by a gnoll

Illustrated notes

Levels and vault maps discovered:
D:1:      minmay_arrival_diagonal_passages, layout_loops_ring
D:2:      layout_rooms, lemuel_round_altar

Skill      XL: |  1  2 |
---------------+-------+-----
Short Blades   | 2 |  2.4
Evocations     | 4 |  4.1
Fighting       | |  1.2
Armour         | |  0.7
Dodging        | |  2.7
Stealth        | |  1.8

Action                   || total
-------------------------++-------
Melee: Short sword       ||   105
 Stab: Sleeping          ||     4
  Eat: Chunk             ||     4
Armor: Leather armour    ||    36
Dodge: Dodged            ||   104
